 Dungeon Crawl Stone Soup version 0.30.1-9-gdf580d7c3d (webtiles) character file.

Game seed: 15473495463580168723

300 Dillybarz the Chopper (level 6, -3/55 HPs)
             Began as a Minotaur Fighter on Oct 10, 2023.
             Was an Initiate of Okawaru.
             Slain by Duvessa
             ... wielding a +2 vampiric rapier
              (18 damage)
             ... on level 5 of the Dungeon.
             The game lasted 00:12:17 (3854 turns).

Dillybarz the Chopper (Minotaur Fighter)            Turns: 3854, Time: 00:12:17

Health: -3/55      AC:  7    Str: 22    XL:     6   Next: 13%
Magic:  5/5        EV:  9    Int:  5    God:    Okawaru [......]
Gold:   150        SH:  9    Dex: 10    Spells: 5/5 levels left

rFire   . . .        a - +0 war axe
rCold   . . .        c - +0 buckler
rNeg    . . .        b - +0 scale mail
rPois   .            (helmet restricted)
rElec   .            (no cloak)
rCorr   .            (no gloves)
SInv    .            (no boots)
Will    .....        e - amulet of reflection Stlth
                     (no ring)
HPRegen 0.29/turn    (no ring)
MPRegen 0.09/turn

%: reflection
@: no status effects
A: horns 2, retaliatory headbutt
a: Renounce Religion


You were on level 5 of the Dungeon.
You worshipped Okawaru.
Okawaru was noncommittal.
You visited 2 branches of the dungeon, and saw 6 of its levels.

You collected 150 gold pieces.

Inventory:

Hand Weapons
 a - a +0 war axe (weapon)
 g - a +1 broad axe of distortion
Missiles
 l - 17 stones (quivered)
 s - a boomerang
Armour
 b - a +0 scale mail (worn)
 c - a +0 buckler (worn)
Jewellery
 e - an amulet of reflection (around neck)
 k - a ring of protection from cold
 p - a ring of ice
 r - a ring of poison resistance
Wands
 t - a wand of mindburst (10)
Scrolls
 f - a scroll of immolation
 i - 3 scrolls of fear
 m - 2 scrolls of teleportation
 o - 2 scrolls of blinking
Potions
 d - a potion of might
 h - 3 potions of brilliance
 j - a potion of curing
 n - a potion of resistance
 q - a potion of berserk rage {unknown}
 w - a potion of lignification {unknown}


   Skills:
 + Level 4.9 Fighting
 * Level 5.2 Axes
 + Level 4.9 Armour
 + Level 4.8 Shields


You had 5 spell levels left.
You didn't know any spells.
Your spell library contained the following spells:

 Spells                   Type           Power      Damage    Failure   Level
 Slow                     Hex            0%         N/A       85%         1
 Blink                    Tloc           0%         N/A       94%         2
 Lesser Beckoning         Tloc           0%         N/A       94%         2
 Momentum Strike          Conj/Tloc      0%         3d8       94%         2
 Sublimation of Blood     Necr           0%         N/A       94%         2
 Wereblood                Tmut           0%         N/A       94%         2
 Confusing Touch          Hex            0%         N/A       99%         3
 Vampiric Draining        Necr           0%         2d6       99%         3
 Summon Hydra             Summ           Unusable   N/A       N/A         7

Dungeon Overview and Level Annotations

Branches:
Dungeon (5/15)             Temple (1/1) D:4

Altars:
Ashenzari
Cheibriados
Dithmenos
Elyvilon
Fedhas
Hepliaklqana
Nemelex Xobeh
Okawaru
Qazlal
Ru
Vehumet
Wu Jian
Xom
Yredelemnul
Zin

Shops:
D:5 *

Annotations:
D:5 Duvessa, Sigmund


Innate Abilities, Weirdness & Mutations

You have a pair of horns on your head.
You reflexively headbutt those who attack you in melee.


Message History

You kill the orc!
Okawaru accepts your kill. You block Dowan's attack.
Duvessa says, "When magic and the sword combine, nothing stands against them."
Duvessa barely misses you.
You slash Duvessa!
Duvessa is moderately wounded.
You barely miss Dowan. Dowan hits you with a +0 dagger.
Duvessa hits you with a +2 vampiric rapier.
Duvessa draws strength from your wounds!
You completely miss Duvessa.
Duvessa is moderately wounded.
You miss Dowan.
Duvessa hits you with a +2 vampiric rapier.
Duvessa draws strength from your wounds!
Dowan casts a spell at you. You resist with some effort.
You barely miss Duvessa.
Duvessa is lightly wounded.
You barely miss Dowan.
Duvessa hits you with a +2 vampiric rapier.
Dowan hits you with a +0 dagger.
Dowan points at you and mumbles some strange words.
The puff of frost hits you!
Duvessa hits you with a +2 vampiric rapier!
You hit Duvessa but do no damage.
Duvessa is lightly wounded.
You hit Dowan but do no damage. Dowan hits you but does no damage.
Duvessa hits you with a +2 vampiric rapier.
* * * LOW HITPOINT WARNING * * *
You hit Duvessa. You headbutt Duvessa.
Duvessa is moderately wounded.
You slash Dowan!
You kill Dowan!
Okawaru accepts your kill.
Duvessa screams in rage.
Duvessa goes berserk!
You hear the slow hiss of a very distant avalanche of sand.
Duvessa hits you with a +2 vampiric rapier!!
You die...

~~~~~~~ .8.#
≈≈≈≈≈≈≈≈...##
~~~~~~~~.8.. .
...........##..
.⌠..∩..8...
.......##
#)#)...#
#.#e@....#
#.#..>##.#
#.#.######.#
#.#.........
#.###.#..#####.#
#...............
#.###.#..#####.#
#..............
#####.#########


You could see Duvessa (berserk).

Vanquished Creatures
  Dowan (D:5)
  A hound (D:4)
  3 iguanas (D:4)
  A sleepcap (D:4)
  3 adders (D:4)
  3 gnolls (D:3)
  A worm (D:3)
  2 dart slugs (D:3)
  11 orcs
  11 ball pythons
  6 endoplasms
  2 giant cockroaches (D:1)
  5 hobgoblins
  9 jackals
  3 quokkas (D:1)
  7 bats
  10 frilled lizards
  8 goblins
  8 kobolds
  5 rats
100 creatures vanquished.

Notes
Turn   | Place    | Note
-------+----------+-------------------------------------------
     0 | D:1      | Dillybarz the Minotaur Fighter began the quest for the Orb.
     0 | D:1      | Reached XP level 1. HP: 19/19 MP: 0/0
   195 | D:1      | Reached XP level 2. HP: 27/27 MP: 1/1
   245 | D:1      | Reached skill level 3 in Axes
   392 | D:1      | Reached XP level 3. HP: 33/33 MP: 2/2
  1609 | D:3      | Reached XP level 4. HP: 40/40 MP: 3/3
  2110 | D:3      | Reached skill level 4 in Axes
  2490 | D:4      | Identified 2 scrolls of acquirement
  2490 | D:4      | Acquired a ring of poison resistance
  2494 | D:4      | Acquired a +1 broad axe of distortion
  2517 | D:4      | Reached XP level 5. HP: 39/47 MP: 4/4
  2702 | D:4      | Found a staircase to the Ecumenical Temple.
  2725 | Temple   | Entered the Ecumenical Temple
  2746 | Temple   | Became a worshipper of Warmaster Okawaru
  2939 | D:4      | Reached skill level 5 in Axes
  3321 | D:4      | Reached XP level 6. HP: 52/55 MP: 5/5
  3593 | D:4      | Found a sparkling altar of Nemelex Xobeh.
  3594 | D:4      | Found an ornate altar of the Wu Jian Council.
  3596 | D:4      | Found a radiant altar of Vehumet.
  3597 | D:4      | Found a stormy altar of Qazlal.
  3806 | D:5      | Entered Level 5 of the Dungeon
  3806 | D:5      | Noticed Sigmund
  3806 | D:5      | Noticed an orc warrior
  3842 | D:5      | Found Isiebix's Assorted Antiques.
  3843 | D:5      | Noticed Duvessa
  3844 | D:5      | Noticed Dowan
  3854 | D:5      | Killed Dowan
  3854 | D:5      | Slain by Duvessa

Illustrated notes

Levels and vault maps discovered:
D:1:      nagdon_arrival_double_spiral, layout_loops_ring, minmay_lizard_pond
D:2:      layout_basic
D:3:      layout_loops_corners
D:4:      layout_basic, mainiacjoe_overflow_alcove_3,
          minmay_temple_entry_gardened_gates, kennysheep_cross_room
D:5:      layout_basic, mainiacjoe_overflow_concentric_impassable,
          enter_ossuary_5, corexii_leaking_fountain,
          nicolae_shop_national_dungeon_mall, nicolae_half_adder, uniq_ijyb,
          uniq_sigmund, uniq_duvessa
Temple:   jpeg_temple_clearing

Skill      XL: |  1  2  3  4  5 |
---------------+----------------+-----
Axes           | 3 4 5 |  5.2
Shields        | 4 |  4.8
Fighting       | 4 |  4.9
Armour         | 4 |  4.9

Action                     |  1- 3 |  4- 6 || total
---------------------------+-------+-------++-------
  Melee: War axe           |   106 |   113 ||   219
         Headbutt          |    13 |    13 ||    26
    Use: Scroll            |       |    11 ||    11
 Armour: Scale mail        |    54 |    26 ||    80
  Dodge: Dodged            |    43 |    32 ||    75
  Block: Buckler           |    58 |    52 ||   110
         Reflection        |     1 |     3 ||     4
